 Dungeon Crawl Stone Soup version 0.22-a0-75-g1fede22 (webtiles) character file.

793 KristoblXynda the Slasher (level 8, -1/56 HPs)
             Began as a Formicid Gladiator on Jan 12, 2018.
             Was an Initiate of Qazlal.
             Succumbed to Multipenetrator's ghost's poison
             ... on level 4 of the Dungeon.
             The game lasted 00:09:03 (4707 turns).

KristoblXynda the Slasher (Formicid Gladiator)      Turns: 4707, Time: 00:09:03

Health: -1/56      AC: 10    Str: 20    XL:     8   Next: 12%
Magic:  8/8        EV: 12    Int:  9    God:    Qazlal [......]
Gold:   303        SH:  7    Dex: 12    Spells: 7/7 levels left

rFire    . . .     SeeInvis +   a - +0 long sword
rCold    . . .     Gourm    .   s - +0 buckler
rNeg     . . .     Faith    .   q - +3 scale mail
rPois    .         Spirit   .   (helmet unavailable)
rElec    .         Reflect  +   (no cloak)
rCorr    .         Harm     .   (no gloves)
MR       .....                  (no boots)
Stlth    ..........             l - +3 amulet of reflection
HPRegen  0.18/turn              (no ring)
MPRegen  0.11/turn              (no ring)

@: lethally poisoned (-1 -> -23)
A: permanent stasis, dig shafts and tunnels, four strong arms, antennae 3
a: Dig, Shaft Self, Renounce Religion


You were on level 4 of the Dungeon.
You worshipped Qazlal.
Qazlal was noncommittal.
You were completely stuffed.

You visited 1 branch of the dungeon, and saw 4 of its levels.

You collected 303 gold pieces.

Inventory:

Hand Weapons
 a - a +0 long sword (weapon)
 b - a +2 falchion of flaming
Missiles
 c - 3 throwing nets (quivered)
Armour
 q - a +3 scale mail (worn)
 s - a +0 buckler (worn)
Jewellery
 l - a +3 amulet of reflection (around neck)
Wands
 j - a wand of acid (3)
Scrolls
 f - 5 scrolls of remove curse
 g - a scroll of amnesia {unknown}
 h - a scroll of teleportation {unknown}
 i - 2 scrolls of identify
 k - 2 scrolls of enchant weapon {unknown}
 m - a scroll of fog {unknown}
 r - a scroll of enchant armour {unknown}
Potions
 t - a potion of flight
Comestibles
 d - 6 rations


   Skills:
 - Level 2.1 Fighting
 + Level 5.7 Long Blades
 - Level 2.0 Throwing
 + Level 4.7 Armour
 + Level 4.8 Dodging
 + Level 2.9 Shields


You had 7 spell levels left.
You didn't know any spells.

Dungeon Overview and Level Annotations

Branches:
Dungeon (4/15)             Temple (0/1) D:4

Altars:
Fedhas
Gozag
Qazlal

Shops:
D:2 *

Annotations:
D:4 1 runed door


Innate Abilities, Weirdness & Mutations

You cannot be hasted, slowed, berserked, paralysed or teleported.
You can dig through walls and to a lower floor.
Your four strong arms can wield two-handed weapons with a shield.
You have a pair of large antennae on your head. (SInv)


Message History

You feel sick. Multipenetrator's ghost misses you.
You riposte.
You slash Multipenetrator's ghost!
Multipenetrator's ghost is almost destroyed.
You slash Multipenetrator's ghost!
You destroy Multipenetrator's ghost!
Qazlal accepts your kill.
You have reached level 8!
You feel clever.
* * * LOW HITPOINT WARNING * * *
You feel very sick.
You eat one of the 8 rations.
That ration really hit the spot!
* * * LOW HITPOINT WARNING * * *
You feel sick.
You eat one of the 7 rations.
That ration really hit the spot!
* * * LOW HITPOINT WARNING * * *
You feel very sick.
Your magical effects are unravelling.
You feel magically purged.
You feel a little less mighty now.
You die...

#.# #.................#.###.
#.# #.####.#.##^.#####.## #.
##.## #.# #.#.##..# ### #.
#...# #.# #.#.##..# #.
#.#.###.# #.#.##..# #.
#.PPP...# #.#.##..# #<
#PPP.P..####...#...##### #.
#PP_PP#.#..............# #.
#PPPPP#.#..#.@.#...###.######.
####.PPP.#.#......###.#
#........ ..........(....##.#
#.# #.#######
######..........### ### ###
####..⌠...## #......# #⌠.>.⌠.#
{ ##......# #...⌠...#


There were no monsters in sight!

Vanquished Creatures
  The ghost of Multipenetrator the Grasshopper, an amateur GnWr of Cheibriados (D:4)
  Duvessa (D:4)
  A phantom (D:3)
  Dowan (D:4)
  An orc priest (D:3)
  An orc wizard (D:3)
  A worker ant (D:3)
  Terence (D:2)
  Robin (D:2)
  A howler monkey skeleton (D:4)
  8 adders
  4 gnolls (D:2)
  An adder skeleton (D:4)
  3 worms
  2 dart slugs (D:1)
  A leopard gecko (D:4)
  5 orcs (D:3)
  11 bats
  A giant cockroach (D:1)
  11 goblins
  7 hobgoblins
  7 jackals
  12 kobolds
  A quokka (D:3)
  A ball python (D:3)
  3 frilled lizards
  A jackal zombie (D:4)
  A quokka skeleton (D:4)
  8 rats
98 creatures vanquished.

Vanquished Creatures (others)
  A fungus (D:4)
1 creature vanquished.

Grand Total: 99 creatures vanquished

Notes
Turn   | Place    | Note
-------+----------+-------------------------------------------
     0 | D:1      | KristoblXynda the Formicid Gladiator began the quest for the Orb.
     0 | D:1      | Reached XP level 1. HP: 16/16 MP: 1/1
    80 | D:1      | Reached XP level 2. HP: 22/22 MP: 2/2
   111 | D:1      | Reached skill level 1 in Armour
   200 | D:1      | Reached XP level 3. HP: 17/27 MP: 3/3
  1016 | D:2      | Reached XP level 4. HP: 24/33 MP: 4/4
  1469 | D:2      | Noticed Terence
  1497 | D:2      | Killed Terence
  1497 | D:2      | Reached XP level 5. HP: 38/38 MP: 5/5
  1688 | D:2      | Reached skill level 4 in Long Blades
  1909 | D:2      | Found an opulent altar of Gozag.
  1911 | D:2      | Found Gozag's Platinum Reserve.
  1941 | D:2      | Noticed Robin
  1966 | D:2      | Killed Robin
  2452 | D:3      | Reached XP level 6. HP: 28/44 MP: 6/6
  2548 | D:3      | Noticed a phantom
  2586 | D:3      | Killed a phantom
  2945 | D:3      | Found a stormy altar of Qazlal.
  2968 | D:3      | Became a worshipper of Qazlal Stormbringer
  2980 | D:3      | Reached skill level 5 in Long Blades
  3257 | D:3      | Reached XP level 7. HP: 18/50 MP: 7/7
  3280 | D:3      | Reached skill level 1 in Shields
  3843 | D:4      | Found a blossoming altar of Fedhas.
  3845 | D:4      | Found a staircase to the Ecumenical Temple.
  4080 | D:4      | Found a runed door.
  4148 | D:4      | Noticed Dowan
  4150 | D:4      | Noticed Duvessa
  4173 | D:4      | Killed Duvessa
  4179 | D:4      | Killed Dowan
  4672 | D:4      | Noticed Multipenetrator's ghost (amateur GnWr)
  4704 | D:4      | Killed Multipenetrator's ghost
  4704 | D:4      | Reached XP level 8. HP: 8/56 MP: 8/8
  4706 | D:4      | HP: 1/56 [poisoned by Multipenetrator's ghost]
  4707 | D:4      | Succumbed to Multipenetrator's ghost's poison

Vault maps used:
D:1:      roderic_crossed_star
D:2:      nicolae_gozag_zags_fifth_avenue, uniq_terence, uniq_robin
D:3:      old_standard_altar
D:4:      fedhas_altar_3, temple_fountains, first_ration,
          uniq_crazy_yiuf_cottage, uniq_duvessa

Skill      XL: |  1  2  3  4  5  6  7 |
---------------+----------------------+-----
Armour         | 1 2 3 4 |  4.7
Dodging        | 3 4 |  4.8
Long Blades    | 4 5 |  5.7
Shields        | 2 |  2.9
Fighting       | |  2.1
Throwing       | |  2.0

Action                   |  1- 3 |  4- 6 |  7- 9 || total
-------------------------+-------+-------+-------++-------
Melee: Long sword        |    69 |   142 |    79 ||   290
       Falchion          |       |    45 |       ||    45
Evoke: Wand              |       |       |     6 ||     6
  Use: Potion            |       |     1 |     6 ||     7
       Scroll            |       |     1 |     4 ||     5
  Eat: Chunk             |       |     4 |     1 ||     5
       Ration            |       |     2 |     3 ||     5
Armor: Leather armour    |    19 |       |       ||    19
       Scale mail        |     6 |    76 |    42 ||   124
Dodge: Dodged            |    63 |   123 |    54 ||   240
Block: Buckler           |       |       |    13 ||    13
       Rpst.: Long sword |    26 |    31 |    14 ||    71
       Falchion          |       |    10 |       ||    10

Table legend:
 A = Spawn XP
 B = Non-spawn XP
 C = Spawn XP percentage of total XP
 D = Spawn monster count
 E = Non-spawn monster count
 F = Spawn count percentage of total count
 G = Total turns spent on level
                    A         B        C        D         E        F      G
               +---------+---------+-------+---------+---------+-------+---------
         Total |       0 |    1133 |   0.0 |       0 |      98 |   0.0 |  4707
               +---------+---------+-------+---------+---------+-------+---------
           D:1 |       0 |      51 |   0.0 |       0 |      28 |   0.0 |   943
           D:2 |       0 |     192 |   0.0 |       0 |      29 |   0.0 |  1486
           D:3 |       0 |     343 |   0.0 |       0 |      31 |   0.0 |  1393
           D:4 |       0 |     547 |   0.0 |       0 |      10 |   0.0 |   885
               +---------+---------+-------+---------+---------+-------+---------
